AoeStats
← [GDL] Maldito Pantoja

Black Forest

509429863Analyzed
4v4 RM · 6d ago on Sep 26, 2026· 52m 52s· 8 players
Game mode
Random Map
Map size
Large (8 player)
Population
200
Speed
Normal
Resources
Standard
Victory
Conquest
Starting age
Dark Age
Ending age
Imperial Age
RankedLock teamsTeams togetherTeam positionsShared explorationLock speedFull tech treeHidden civsTurbo modeCheats
Victory
Defeat
🇲🇽 Saracens · Mexico
1152
+14
🇵🇪 Burgundians · Peru
1142
+14
🇨🇦 Bengalis · Canada
1113
+15
🇨🇦 Hindustanis · Canada
1001
+20
🇹🇷 Byzantines · Türkiye
1116
-17
🇩🇪 Hindustanis · Germany
1106
-16
🇹🇼 Aztecs · Taiwan
1092
-16
🇨🇳 Spanish · China
1064
-24
福
11:53 Feudal Age
10:50 Loom
16:07 Castle Age
14:40 Double-Bit Axe
16:03 Wheelbarrow
15:19 Horse Collar
25:46 Treadmill Crane
30:44 Imperial Age
29:23 Bow Saw
30:25 Scale Mail Armor
30:16 Fletching
30:31 Atlatl
31:35 Hand Cart
31:23 Heavy Plow
31:39 Chain Mail Armor
31:50 Garland Wars
31:51 Conscription
32:57 Crop Rotation
32:18 Gold Mining
32:07 Pikeman
32:36 Arson
33:31 Plate Mail Armor
32:57 Bodkin Arrow
34:53 Elite Jaguar Warrior
41:36 Bracer
41:50 Forging
46:48 Squires
47:08 Eagle Warrior
48:15 Man-at-Arms
BananaRepublic
0:30 Loom
15:01 Feudal Age
21:31 Castle Age
21:06 Man-at-Arms
21:36 Horse Collar
25:42 Fervor
27:17 Fishing Lines
27:58 Forging
27:49 Scale Mail Armor
29:55 Gillnets
37:28 Imperial Age
34:40 Treadmill Crane
37:13 Iron Casting
36:43 Scale Barding Armor
36:56 Chain Mail Armor
36:37 Double-Bit Axe
37:09 Arson
38:01 Elite Varangian Guard
40:12 Conscription
40:02 Elite Cataphract
43:05 Chain Barding Armor
44:11 Redemption
46:46 Hoardings
45:46 Light Cavalry
47:04 Hussar
49:14 Chemistry
48:44 Fletching
49:20 Elite Skirmisher
50:20 Bodkin Arrow
50:26 Padded Archer Armor
51:51 Bracer
52:06 Leather Archer Armor
Vaccras
0:31 Loom
11:24 Feudal Age
15:24 Castle Age
14:02 Double-Bit Axe
14:43 Horse Collar
22:00 Wheelbarrow
23:10 Fletching
24:38 Bow Saw
28:17 Imperial Age
27:41 Scale Barding Armor
27:32 Bodkin Arrow
27:37 Padded Archer Armor
27:48 Forging
30:07 Chemistry
29:03 Murder Holes
29:31 Bloodlines
29:21 Husbandry
29:48 Heavy Camel Rider
30:43 Gold Mining
31:43 Light Cavalry
34:04 Chain Barding Armor
34:19 Iron Casting
33:52 Hussar
35:25 Imperial Camel Rider
43:21 Two-Man Saw
44:39 Hand Cart
45:09 Fortified Wall
45:19 Ballistics
48:58 Elite Skirmisher
863111034
13:29 Feudal Age
14:06 Horse Collar
15:14 Double-Bit Axe
21:20 Castle Age
19:49 Gold Mining
19:55 Stone Mining
20:44 Padded Archer Armor
22:48 Fletching
25:05 Heavy Plow
26:56 Bow Saw
27:26 Bodkin Arrow
27:47 Leather Archer Armor
YKQ
0:27 Loom
12:26 Feudal Age
13:09 Double-Bit Axe
17:57 Castle Age
19:17 Horse Collar
21:17 Wheelbarrow
23:47 Bow Saw
23:54 Town Watch
25:01 Gold Mining
25:23 Fletching
25:36 Stone Mining
26:54 Heavy Plow
27:23 Hand Cart
28:07 Bloodlines
27:58 Husbandry
29:16 Fortified Wall
32:21 Imperial Age
30:20 Scale Barding Armor
31:39 Chain Barding Armor
31:33 Forging
32:15 Bodkin Arrow
32:21 Padded Archer Armor
33:30 Paiks
33:46 Conscription
33:47 Town Patrol
34:29 Iron Casting
34:53 Crop Rotation
34:21 Elite Battle Elephant
36:13 Bracer
37:14 Blast Furnace
36:41 Ballistics
36:37 Elite Elephant Archer
38:27 Leather Archer Armor
38:48 Plate Barding Armor
42:09 Chemistry
41:15 Siege Engineers
51:59 Mahayana
51:01 Elite Ratha (Ranged)
在里面
8:27 Loom
11:41 Loom
13:28 Feudal Age
14:31 Double-Bit Axe
20:59 Castle Age
18:54 Fishing Lines
19:25 Stone Mining
23:08 Stone Shaft Mining
22:23 Gold Mining
22:53 Gillnets
23:54 Bow Saw
24:50 Horse Collar
26:24 Wheelbarrow
27:00 Gold Shaft Mining
28:02 Hand Cart
28:07 Fletching
29:06 Fortified Wall
29:29 Heavy Plow
33:26 Imperial Age
31:05 Pikeman
31:46 Squires
31:12 Elite Skirmisher
32:12 Husbandry
32:23 Bloodlines
35:05 Conscription
34:46 Grand Trunk Road
35:23 Hoardings
36:48 Chemistry
36:09 Ballistics
37:03 Two-Man Saw
37:32 Forging
37:22 Scale Mail Armor
37:18 Bodkin Arrow
37:23 Padded Archer Armor
37:56 Shatagni
38:36 Caravan
40:39 Iron Casting
40:19 Chain Mail Armor
[GDL] Maldito Pantoja
1:21 Loom
RSpartan18
4:30 Loom
5:16 Double-Bit Axe
10:05 Wheelbarrow
12:11 Feudal Age
16:35 Castle Age
15:32 Bow Saw
16:52 Hand Cart
18:50 Two-Man Saw
22:03 Horse Collar
25:02 Squires
24:22 Man-at-Arms
25:45 Gold Mining
25:52 Arson
27:09 Gold Shaft Mining
26:13 Long Swordsman
27:09 Scale Mail Armor
28:59 Chain Mail Armor
28:30 Pikeman
30:24 Forging
38:48 Imperial Age
38:38 Heavy Plow
39:19 Iron Casting
39:01 Two-Handed Swordsman
41:56 Plate Mail Armor
41:46 Halberdier
49:02 Crop Rotation
49:52 Champion
50:42 Capped Ram
52:50 Blast Furnace
Connection lost

Rejoining the realm…

Still unreachable

The connection could not be restored.

Session expired

The server has moved on; the page needs a fresh start.